 Dungeon Crawl Stone Soup version 0.30.0-29-ga12c61a403 (webtiles) character file.

Game seed: 13779355777524191414

231 safid the Chiller (level 6, -5/47 HPs)
             Began as a Merfolk Ice Elementalist on June 14, 2023.
             Killed from afar by Pikel (13 damage)
             ... with a bolt of dispelling energy
             ... on level 4 of the Dungeon.
             The game lasted 00:04:45 (2372 turns).

safid the Chiller (Merfolk Ice Elementalist)        Turns: 2372, Time: 00:04:46

Health: -5/47      AC:  6    Str:  9    XL:     6   Next: 3%
Magic:  3/11       EV: 12    Int: 16    God:
Gold:   101        SH:  0    Dex: 14    Spells: 5/12 levels left

rFire   . . .        g - +2 long sword (holy)
rCold   . . .        (no shield)
rNeg    . . .        a - +0 robe
rPois   .            (no helmet)
rElec   .            (no cloak)
rCorr   .            (no gloves)
SInv    .            (no boots)
Will    .....        (no amulet)
Stlth   ++           l - +4 ring of protection
HPRegen 0.27/turn    (no ring)
MPRegen 0.12/turn

%: no passive effects
@: no status effects
A: (nimble swimmer 2), mertail
a: no special abilities


You were on level 4 of the Dungeon.
You visited 1 branch of the dungeon, and saw 4 of its levels.

You collected 101 gold pieces.

Inventory:

Hand Weapons
 g - a +2 long sword of holy wrath (weapon)
Armour
 a - a +0 robe (worn)
Jewellery
 l - a +4 ring of protection (left hand)
 q - a ring of ice
Scrolls
 b - a scroll of enchant armour {unknown}
 c - 4 scrolls of identify {unknown}
 e - 2 scrolls of magic mapping {unknown}
 f - a scroll of silence {unknown}
 i - a scroll of torment {unknown}
 k - a scroll of poison {unknown}
 m - a scroll of noise {unknown}
 o - a scroll of vulnerability {unknown}
Potions
 d - a potion of haste {unknown}
 h - 2 potions of berserk rage {unknown}
 j - a potion of heal wounds
 n - a potion of resistance {unknown}
 p - a potion of mutation {unknown}


   Skills:
 + Level 3.4 Fighting
 - Level 2.6 Dodging
 - Level 2.1 Stealth
 + Level 3.5 Spellcasting
 + Level 5.7 Ice Magic


You had 5 spell levels left.
You knew the following spells:

 Your Spells              Type           Power      Damage    Failure   Level
a - Freeze                Ice            84%        1d9       1%          1
b - Frozen Ramparts       Ice            42%        1d7       4%          3
c - Ozocubu's Armour      Ice            21%        N/A       4%          3

Your spell library contained the following spells:

 Spells                   Type           Power      Damage    Failure   Level
 Apportation              Tloc           4%         N/A       19%         1
 Necrotise                Necr           8%         1d4       19%         1
 Summon Small Mammal      Summ           8%         N/A       19%         1
 Dazzling Flash           Conj/Hex       4%         N/A       47%         3
 Volatile Blastmotes      Fire/Tloc      4%         2d10      47%         3
 Summon Ice Beast         Ice/Summ       11%        N/A       50%         4
 Iskenderun's Mystic Bla  Conj/Tloc      2%         2d3       87%         4
 Starburst                Conj/Fire      1%         6d3       100%        6


Dungeon Overview and Level Annotations

Branches:
Dungeon (3/15)

Altars:
Fedhas
Makhleb
Vehumet

Annotations:
D:4 Pikel


Innate Abilities, Weirdness & Mutations

((You are very nimble when in or above water. (Stealth+, EV+, Speed+++)))
Your lower body shifts to a powerful aquatic tail in water.


Message History

Pikel is nearby!
Casting: Freeze (safe; 1% risk of failure)
Confirm with . or Enter, or press ? or * to list all spells.
Casting: Frozen Ramparts (dangerous; 4% risk of failure)
Press: ? - help, Dir - look around, f - activate The walls around you are covered in ice.
The wall freezes Pikel but does no damage.
Unknown command.
Casting: Frozen Ramparts (dangerous; 4% risk of failure)
Confirm with . or Enter, or press ? or * to list all spells.
A film of ice covers your body!
Pikel resists.
The wall freezes Pikel.
Pikel closely misses you.
The wall freezes Pikel but does no damage.
Pikel barely misses you.
Unknown command.
You barely miss Pikel.
Pikel is lightly wounded.
Pikel completely resists.
The wall freezes Pikel but does no damage.
Pikel hits you with a +2 whip of electrocution.
You hit Pikel but do no damage.
The wall freezes Pikel but does no damage.
Pikel zaps a wand.
The bolt of dispelling energy misses you.
Pikel resists.
The wall freezes Pikel.
Pikel barely misses you.
You barely miss Pikel.
Pikel is lightly wounded.
The wall freezes Pikel but does no damage.
Pikel zaps a wand.
The bolt of dispelling energy hits you!
Your magical effects are unravelling.
* * * LOW HITPOINT WARNING * * *
You barely miss Pikel.
Pikel is lightly wounded.
Your icy armour evaporates.
The frozen ramparts melt away.
Pikel hits you with a +2 whip of electrocution.
* * * LOW HITPOINT WARNING * * *
A lemure comes into view. x2
Pikel zaps a wand.
The bolt of dispelling energy hits you!
You die...

### ## ##.######
#.###.5..5K.# .
#[......##@# ..
##†#).K###.# ...
#.#.####.## ...#
##.....5..# #...#
##.######..##
#.##.###..# #...#
...
#.#.#.#######..#
#.##..#...........#
#....##.##.#####..#


You could see Pikel and 3 lemures.

Vanquished Creatures
  An ogre (D:4)
  A lemure (D:4)
  A scorpion (D:4)
  An adder (D:3)
  3 worms
  2 dart slugs (D:3)
  3 ball pythons
  6 bats
  4 endoplasms
  7 goblins
  8 hobgoblins
  4 jackals (D:1)
  4 quokkas
  6 frilled lizards
  5 kobolds
  7 rats
63 creatures vanquished.

Notes
Turn   | Place    | Note
-------+----------+-------------------------------------------
     0 | D:1      | safid the Merfolk Ice Elementalist began the quest for the
                  | Orb.
     0 | D:1      | Reached XP level 1. HP: 13/13 MP: 3/3
   102 | D:1      | Reached XP level 2. HP: 10/20 MP: 0/5
   114 | D:1      | Reached skill level 1 in Fighting
   119 | D:1      | HP: 1/21 [frozen (2)]
   414 | D:1      | Found a faded altar of an unknown god.
   639 | D:1      | Reached XP level 3. HP: 26/26 MP: 6/6
   985 | D:2      | Found a blossoming altar of Fedhas.
   990 | D:2      | Learned a level 3 spell: Frozen Ramparts
  1958 | D:3      | Learned a level 3 spell: Ozocubu's Armour
  1994 | D:3      | Reached XP level 4. HP: 33/33 MP: 8/8
  2023 | D:3      | Found a radiant altar of Vehumet.
  2025 | D:3      | Reached skill level 5 in Ice Magic
  2081 | D:3      | Found a burning altar of Makhleb.
  2255 | D:3      | You fall into a shaft and drop 1 floor!
  2290 | D:4      | Noticed a scorpion
  2291 | D:4      | Noticed an ogre
  2292 | D:4      | Noticed a lemure
  2306 | D:4      | Killed an ogre
  2307 | D:4      | Reached XP level 5. HP: 13/41 MP: 2/9
  2308 | D:4      | Reached XP level 6. HP: 15/47 MP: 2/11
  2333 | D:4      | Noticed Pikel
  2372 | D:4      | Killed from afar by Pikel

Illustrated notes

Levels and vault maps discovered:
D:1:      psy_arrival_heroes, layout_loops_ring, ebering_ecumenical_altar_rust
D:2:      layout_loops_corners, basic_altar, grunt_ministairs_14,
          kennysheep_generic_room_15
D:3:      layout_loops_ring, lemuel_doored_altar, lightli_temple_of_fire,
          hellmonk_okawaru_the_only_friend_you_need, fiery_altar_vehumet,
          serial_aquarium, aquarium_bridge_square [aquarium_subvault_bridge,
          aquarium_subvault_wall, aquarium_subvault_bridge,
          aquarium_subvault_bridge], aquarium_bridge_straight
          [aquarium_subvault_bridge, aquarium_subvault_wall,
          aquarium_subvault_bridge, aquarium_subvault_window],
          aquarium_window_corridor_1, aquarium_window_1, aquarium_view_2a,
          aquarium_view_2g, aquarium_balcony_3b, aquarium_pool_1
D:4:      layout_loops_ring, hangedman_abyss_or_decor_stagger, uniq_pikel

Skill      XL: |  1  2  3  4 |
---------------+-------------+-----
Fighting       | 1 2 3 |  3.4
Ice Magic      | 5 |  5.7
Spellcasting   | 3 |  3.5
Dodging        | |  2.6
Stealth        | |  2.1

Action                     |  1- 3 |  4- 6 || total
---------------------------+-------+-------++-------
  Melee: Unarmed           |    49 |       ||    49
         Whip              |    46 |       ||    46
         Long sword        |    59 |    35 ||    94
         Punch             |     1 |       ||     1
   Cast: Freeze            |    21 |     2 ||    23
         Ozocubu's Armour  |       |     2 ||     2
         Frozen Ramparts   |       |     2 ||     2
    Use: Potion            |     1 |       ||     1
   Stab: Sleeping          |     5 |       ||     5
 Armour: Robe              |    38 |    20 ||    58
  Dodge: Dodged            |   130 |    21 ||   151
